Map: Thunderbird LE

Players

Neeb - Winner!

  • Race: Protoss Protoss
  • Spawn Location: 11:00

Clem

  • Race: Terran Terran
  • Spawn Location: 5:00

Event: 2019 WCS Summer

VOD

Have the link to the VOD?

Description

Time

  • Played on: July 12, 2019, 1:44 p.m.
  • Length: 21:10

All games in this series

Show
View Real Time Build Order
Export as new Build Order

Neeb Protoss - Winner!

Build Orders: 1 Gate Expand, Oracle Opening 

Get SALT Encoding   

  12  0:00  Probe  
  13  0:12  Probe  
  14  0:17  Pylon  
  14  0:23  Probe  
  15  0:31  Probe  
  15  0:37  Gateway  
  15  0:39  Probe  
  16  0:45  Assimilator  
  17  0:51  Probe  
  18  1:03  Probe  
  19  1:15  Probe  
  20  1:22  Nexus  
  20  1:31  Cybernetics Core  
  20  1:33  Probe  
  20  1:39  Assimilator  
  21  1:45  Probe  
  22  1:48  Pylon  
  22  1:55  Probe  
  22  1:57  Adept, Pylon  
  23  2:03  Probe  
  26  2:12  Probe  
  27  2:19  Stargate  
  27  2:24  Probe  
  27  2:29  Adept  
  30  2:35  Probe, Warp Gate  
  31  2:39  Probe  
  32  2:47  Probe  
  34  2:51  Probe  
  34  2:58  Oracle  
  34  2:59  Probe, Adept  
  34  3:03  Probe  
  38  3:11  Probe  
  42  3:15  Probe  
  42  3:18  Pylon  
  43  3:23  Probe  
  44  3:27  Probe  
  44  3:29  Oracle  
  45  3:35  Probe  
  45  3:36  Gateway  
  45  3:37  Gateway  
  45  3:39  Probe  
  50  3:47  Probe  
  51  3:51  Probe  
  52  3:59  Probe  
  52  4:00  Oracle  
  53  4:04  Probe  
  53  4:05  Nexus  
  53  4:07  Pylon  
  54  4:11  Probe  
  54  4:16  Probe  
  59  4:17  Assimilator  
  59  4:19  Assimilator  
  60  4:28  Probe  
  60  4:29  Pylon  
  61  4:33  Adept x2, Pylon  
  61  4:34  Adept  
  66  4:40  Probe x2  
  65  4:47  Shield Battery  
  65  4:52  Probe  
  66  4:53  Adept x2  
  66  4:54  Adept  
  66  4:55  Probe  
  66  4:58  Forge  
  73  5:03  Twilight Council  
  73  5:05  Probe  
  74  5:07  Probe  
  75  5:17  Probe  
  75  5:19  Probe  
  75  5:20  Probe  
  78  5:29  Probe  
  78  5:30  Blink  
  78  5:31  Probe  
  78  5:32  Probe  
  78  5:34  Protoss Ground Weapons Level 1  
  79  5:38  Sentry x3  
  79  5:41  Probe  
  86  5:44  Probe x2  
  86  5:45  Assimilator  
  86  5:47  Assimilator  
  86  5:49  Pylon  
  88  5:50  Pylon  
  88  5:52  Robotics Facility  
  88  5:53  Probe  
  88  5:56  Probe x2  
  91  6:05  Probe  
  91  6:08  Probe x2  
  94  6:13  Gateway  
  94  6:16  Gateway  
  94  6:17  Probe  
  95  6:20  Probe, Gateway  
  95  6:22  Pylon  
  95  6:24  Probe  
  89  6:30  Probe  
  89  6:32  Probe  
  87  6:37  Immortal  
  87  6:39  Stalker x3  
  93  6:42  Nexus  
  93  6:43  Gateway  
  93  6:44  Pylon  
  93  6:45  Gateway  
  97  6:48  Robotics Bay  
  97  6:50  Robotics Facility  
  97  6:55  Pylon  
  97  7:01  Pylon  
  97  7:03  Stalker x2  
  97  7:05  Forge  
  97  7:06  Stalker  
  103  7:10  Immortal  
  104  7:20  Pylon  
  107  7:23  Probe  
  107  7:24  Probe  
  107  7:26  Disruptor, Stalker x2  
  107  7:29  Stalker  
  113  7:33  Probe  
  113  7:36  Pylon  
  113  7:37  Disruptor  
  112  7:39  Pylon  
  118  7:53  Disruptor, Adept x5  
  118  7:54  Adept x3  
  134  8:01  Protoss Ground Armor Level 1  
  137  8:08  Protoss Ground Weapons Level 2  
  99  8:20  Stalker x3  
  99  8:22  Stalker x4  
  99  8:27  Disruptor  
  99  8:31  Disruptor  
  95  8:45  Nexus  
  95  8:46  Stalker, Zealot x6  
  95  8:47  Stalker  
  106  8:51  Charge  
  104  8:58  Probe  
  104  9:01  Probe  
  102  9:06  Stalker x4  
  110  9:10  Zealot  
  110  9:11  Zealot x2  
  116  9:21  Stalker  
  114  9:25  Probe  
  114  9:30  Probe  
  116  9:35  Stalker x3  
  122  9:40  Pylon  
  122  9:46  Sentry x2  
  122  9:47  Zealot x3  
  132  9:58  Disruptor  
  132  9:59  Disruptor, Probe x3  
  135  10:00  Probe  
  135  10:05  Protoss Ground Armor Level 2  
  135  10:06  Assimilator  
  136  10:10  Stalker x2, Assimilator  
  136  10:11  Probe x2  
  148  10:14  Probe x2  
  148  10:21  Stalker x3  
  156  10:32  Stalker  
  156  10:33  Stalker x2  
  156  10:35  Stalker x2  
  162  10:46  Stalker x3  
  162  10:49  Disruptor  
  141  10:57  Stalker x3  
  141  11:00  Stalker  
  136  11:10  Disruptor  
  127  11:17  Zealot x2  
  127  11:18  Disruptor, Zealot x2  
  133  11:28  Probe, Nexus  
  133  11:30  Probe x2  
  133  11:32  Pylon  
  125  11:33  Stalker x3  
  125  11:35  Probe  
  125  11:39  Disruptor  
  132  11:40  Probe  
  132  11:46  Probe  
  137  11:48  Probe  
  137  11:49  Probe  
  137  11:51  Disruptor  
  137  11:52  Probe  
  140  11:58  Stalker x2, Probe  
  140  12:00  Stalker  
  150  12:03  Sentry  
  150  12:04  Sentry x2, Protoss Ground Weapons Level 3  
  142  12:17  Zealot x2  
  142  12:19  Disruptor  
  143  12:22  Stalker  
  143  12:23  Stalker x2  
  143  12:24  Disruptor  
  143  12:27  Zealot  
  143  12:28  Zealot  
  119  12:39  Stalker x3  
  112  12:47  Probe  
  112  12:48  Stalker x5  
  112  12:49  Probe  
  120  13:11  Stalker x5  
  120  13:12  Stalker x3  
  128  13:20  Disruptor  
  128  13:21  Disruptor  
  128  13:34  Stalker x3  
  128  13:35  Stalker x4  
  128  13:38  Probe x2  
  128  13:41  Stalker  
  139  13:44  Probe  
  139  13:51  Probe  
  140  13:58  Stalker x3  
  140  13:59  Stalker  
  147  14:10  Stalker x3  
  147  14:11  Stalker  
  147  14:12  Disruptor  
  147  14:15  Probe x2  
  150  14:17  Probe  
  150  14:25  Probe x2  
  150  14:28  Probe  
  151  14:35  Stalker x5  
  161  14:46  Assimilator  
  161  14:48  Assimilator  
  161  14:52  Disruptor  
  145  14:54  Protoss Ground Armor Level 3  
  138  15:04  Stalker x6  
  142  15:14  Disruptor  
  133  15:27  Stalker x2  
  133  15:28  Stalker x5, Disruptor  
  135  15:40  Probe x3  
  134  15:47  Pylon  
  134  15:49  Disruptor  
  134  15:51  Stalker x3  
  143  15:57  Sentry x3  
  149  16:04  Nexus  
  149  16:08  Stalker x2  
  149  16:10  Observer  
  154  16:17  Colossus x2  
  144  16:20  Extended Thermal Lance  
  142  16:25  Pylon  
  154  16:40  Stalker x7  
  168  16:54  Protoss Shields Level 1  
  154  17:07  Stalker x2  
  154  17:08  Stalker x6  
  161  17:29  Nexus  
  153  17:31  Zealot x3  
  153  17:32  Stalker x3, Zealot x2  
  153  17:33  Colossus  
  168  17:53  Stalker x3  
  168  17:54  Stalker  
  168  17:56  Sentry x3  
  182  18:07  Probe  
  182  18:09  Stalker  
  182  18:21  Stalker x2  
  182  18:22  Stalker x5  
  165  18:44  Stalker x3  
  165  18:45  Stalker x5  
  178  19:00  Pylon  
  176  19:16  Stalker x7  
  178  19:29  Colossus  
  162  19:44  Stalker x5  
  162  19:45  Zealot x3  
  169  20:12  Zealot x8  
  169  20:13  Colossus  
  170  20:26  Probe x2  
  174  20:41  Stalker x8  
  174  20:57  Pylon  
  146  21:05  Stalker x2  
  146  21:06  Stalker x3, Assimilator  
  146  21:07  Assimilator  
Show
View Real Time Build Order
Export as new Build Order

Clem Terran 

Build Orders: Reaper Expand 

Get SALT Encoding   

  12  0:00  SCV  
  13  0:13  SCV  
  14  0:16  Supply Depot  
  14  0:25  SCV  
  15  0:38  SCV  
  15  0:40  Barracks  
  16  0:43  Refinery  
  16  0:50  SCV  
  17  1:02  SCV  
  18  1:14  SCV  
  19  1:26  Orbital Command  
  19  1:27  Reaper  
  20  1:46  Command Center  
  20  1:52  SCV, Supply Depot  
  21  2:00  Barracks Reactor  
  21  2:05  SCV  
  22  2:09  Bunker  
  22  2:12  Refinery  
  22  2:17  SCV  
  22  2:20  Factory  
  23  2:29  SCV  
  24  2:37  Marine x2  
  24  2:41  SCV  
  27  2:53  SCV  
  27  2:55  Marine x2  
  30  2:58  Orbital Command  
  30  3:05  SCV  
  31  3:12  Starport  
  31  3:14  Marine x2, Widow Mine  
  31  3:17  SCV  
  36  3:21  Supply Depot  
  36  3:28  SCV  
  36  3:29  SCV  
  38  3:35  Factory Tech Lab, Marine x2  
  38  3:39  Supply Depot  
  38  3:40  SCV  
  41  3:41  SCV  
  41  3:48  Viking  
  41  3:52  SCV  
  41  3:53  Cyclone  
  47  3:56  SCV  
  47  4:02  Supply Depot  
  48  4:04  SCV  
  48  4:06  Marine x2  
  48  4:08  SCV  
  52  4:16  SCV  
  53  4:21  Command Center, SCV  
  53  4:25  Marine x2  
  53  4:29  SCV  
  53  4:31  Barracks  
  56  4:34  SCV  
  57  4:38  Barracks  
  57  4:40  Siege Tank  
  57  4:43  Supply Depot  
  57  4:44  Marine  
  61  4:45  Marine  
  61  4:48  SCV  
  61  4:49  SCV  
  61  4:50  Starport Tech Lab  
  64  4:56  Refinery  
  64  4:57  Engineering Bay  
  64  5:02  SCV x2  
  64  5:04  Engineering Bay  
  66  5:07  Marine x2  
  68  5:14  SCV x2  
  68  5:16  Starport Reactor  
  67  5:25  Marine  
  67  5:26  SCV x2  
  69  5:39  Missile Turret  
  69  5:40  Orbital Command, Combat Shield, Missile Turret  
  69  5:41  Stimpack  
  69  5:42  Factory Reactor  
  66  5:44  Marauder x2  
  66  5:47  Marine x2  
  72  5:52  SCV  
  72  5:53  SCV  
  72  5:56  Supply Depot  
  74  6:01  Terran Infantry Weapons Level 1  
  74  6:06  Marine x2, Refinery  
  74  6:07  Marauder x2  
  74  6:09  SCV x2  
  74  6:11  Orbital Command  
  82  6:16  Terran Infantry Armor Level 1  
  82  6:18  Medivac x2  
  86  6:21  SCV  
  86  6:22  SCV  
  83  6:26  Widow Mine x2  
  83  6:27  Marine x2  
  83  6:29  Marauder  
  89  6:36  Marauder  
  89  6:37  SCV x2  
  93  6:42  SCV, Supply Depot  
  94  6:48  Marine x2  
  94  6:50  Marauder, Widow Mine  
  94  6:52  Supply Depot  
  100  6:56  Medivac x2  
  100  6:57  Widow Mine, SCV  
  109  7:01  Marauder  
  109  7:04  SCV x2  
  109  7:05  Concussive Shells  
  111  7:10  SCV  
  111  7:13  Barracks  
  112  7:16  Barracks  
  112  7:17  Widow Mine  
  112  7:18  Widow Mine  
  112  7:19  Marine  
  112  7:20  Marine  
  112  7:21  Marauder  
  120  7:23  SCV  
  120  7:26  Marauder  
  123  7:35  Medivac x2  
  125  7:37  Supply Depot  
  125  7:41  Armory  
  125  7:46  Supply Depot  
  125  7:49  Marauder, Marine x2, SCV x3  
  132  7:54  Marauder  
  133  7:59  Widow Mine x2  
  133  8:01  SCV x3  
  133  8:05  Starport  
  140  8:06  Barracks Tech Lab  
  140  8:07  Barracks Reactor  
  140  8:08  Marine x2  
  140  8:11  Marauder  
  129  8:16  Marauder  
  124  8:20  SCV  
  124  8:21  Refinery  
  124  8:22  Refinery  
  124  8:24  SCV  
  124  8:25  SCV  
  124  8:26  Marine x2  
  114  8:31  Widow Mine  
  114  8:32  Marauder, SCV  
  119  8:34  Marauder  
  119  8:36  Liberator, SCV  
  119  8:37  SCV  
  119  8:39  Marauder  
  119  8:44  SCV  
  119  8:45  Marine  
  119  8:46  Marine x2  
  119  8:47  Marine  
  124  8:48  SCV  
  124  8:49  SCV  
  124  8:54  Marauder  
  129  8:56  SCV  
  129  9:00  Marauder, Marine, SCV  
  134  9:08  Command Center  
  134  9:09  Liberator  
  130  9:10  Terran Infantry Weapons Level 2  
  130  9:13  Marine  
  130  9:15  Marauder  
  133  9:17  Terran Infantry Armor Level 2  
  133  9:18  Marine x3  
  133  9:19  Marine  
  137  9:25  Medivac  
  137  9:31  Supply Depot x2  
  142  9:34  Medivac  
  142  9:35  Marine x2  
  142  9:37  Marauder, Liberator  
  148  9:40  Marine  
  148  9:43  Terran Ship Weapons Level 1  
  149  9:46  Supply Depot  
  149  9:52  Marine x2  
  153  9:53  Marauder  
  153  9:54  Marine, Marauder  
  153  9:58  Marauder, Marine, Liberator  
  162  10:06  Barracks x2  
  162  10:09  Missile Turret  
  162  10:10  Marine x2  
  166  10:14  Marauder  
  166  10:15  Marine, Marauder  
  166  10:20  Marauder, Marine, Liberator  
  175  10:32  Marine  
  178  10:35  Marauder, Liberator  
  178  10:36  Marauder, Liberator  
  178  10:39  Marine  
  178  10:40  Marine  
  178  10:41  Marine  
  178  10:42  Marauder  
  169  10:50  Marine  
  169  10:53  Liberator  
  168  10:57  Marine, Marauder, Barracks Tech Lab x2  
  168  10:58  Marauder  
  168  11:00  Marine  
  168  11:03  Marauder, Marine  
  156  11:08  Marine  
  154  11:15  Marine  
  154  11:17  Planetary Fortress  
  154  11:18  Marauder, Marine  
  150  11:19  Marauder  
  150  11:20  Marine, Medivac  
  150  11:21  Marine x2  
  150  11:23  SCV  
  150  11:24  Marauder  
  152  11:26  Marine  
  149  11:33  Marine  
  149  11:35  Marine, Medivac  
  149  11:36  Refinery  
  149  11:37  Refinery  
  149  11:38  Marine  
  149  11:39  Marauder x2  
  152  11:44  Marine  
  152  11:46  Marine, Liberator x2  
  152  11:47  Medivac  
  156  11:50  Ghost Academy, Marauder  
  156  11:51  Marine  
  156  11:53  Liberator  
  159  11:56  Marine  
  159  11:58  Marine, Command Center  
  159  12:00  Liberator  
  161  12:04  Marine  
  161  12:05  Marauder x2  
  169  12:14  Marine  
  169  12:15  Marauder x2  
  166  12:18  Marine  
  166  12:19  Marine  
  166  12:21  Marine  
  169  12:27  Marine x2  
  169  12:28  Marauder  
  156  12:32  Marine  
  156  12:36  Marauder, Marine  
  149  12:38  Marine  
  149  12:40  Marauder  
  149  12:42  Terran Infantry Weapons Level 3  
  145  12:46  Marine x2  
  145  12:49  Terran Infantry Armor Level 3  
  139  12:52  Marine  
  139  12:53  Marauder x2  
  139  12:54  Liberator x2  
  139  12:57  Marine  
  145  13:04  Marauder x2  
  149  13:09  Marine x2, Liberator  
  149  13:10  Marauder  
  159  13:14  Marauder  
  159  13:15  Marauder  
  159  13:17  Liberator  
  155  13:20  Marine x2  
  155  13:26  Marauder x2  
  154  13:27  Marine x2  
  154  13:31  Marine  
  152  13:35  Marine  
  152  13:36  Marauder  
  152  13:38  Marine  
  152  13:40  Marine  
  160  13:46  Marine x2  
  160  13:47  Marauder  
  164  13:51  SCV x2  
  164  13:52  Starport  
  164  13:53  Fusion Core  
  164  13:54  Medivac  
  164  13:55  Medivac  
  170  14:01  Ghost  
  172  14:03  Marauder, Marine x2  
  172  14:04  Marauder  
  172  14:05  Marauder  
  172  14:06  SCV  
  172  14:09  Medivac, Planetary Fortress  
  182  14:16  Terran Ship Weapons Level 2  
  165  14:19  Marine x2  
  165  14:23  Marauder, Medivac  
  167  14:24  Marine  
  167  14:25  Marauder  
  167  14:29  Marine  
  167  14:31  Marauder x2  
  173  14:34  Medivac  
  173  14:35  Marauder  
  173  14:38  Marine x2  
  179  14:41  Liberator  
  179  14:42  Marine  
  179  14:45  Marauder, Medivac  
  184  14:46  Marine  
  184  14:47  Marine  
  184  14:52  Marauder  
  174  14:54  Marauder  
  174  14:59  Marauder  
  170  15:01  Marine  
  170  15:04  Marauder  
  170  15:05  Medivac  
  170  15:06  Marauder  
  169  15:07  Marine  
  169  15:14  Marauder  
  164  15:16  Marauder  
  164  15:17  Marine x2, Medivac x2  
  164  15:20  Marine, Marauder  
  154  15:25  Marauder, Marine  
  154  15:27  Marauder  
  151  15:35  Marauder, Marine, Medivac  
  151  15:36  Marine  
  151  15:39  Liberator  
  151  15:41  Medivac  
  151  15:43  Marauder  
  151  15:44  Marine x2  
  151  15:47  Medivac  
  151  15:48  Liberator  
  157  15:54  Liberator  
  157  15:55  Command Center  
  160  15:57  Starport Tech Lab  
  160  16:01  Marauder x2, Marine  
  164  16:04  Marauder, Liberator x2  
  164  16:07  Marine x2  
  169  16:12  Marine  
  169  16:13  Marauder  
  165  16:20  Marauder  
  165  16:27  Advanced Ballistics  
  165  16:29  Refinery  
  165  16:30  Refinery  
  165  16:31  Marine x3  
  168  16:34  Liberator x2  
  168  16:43  Marauder, Marine x3  
  168  16:44  Marauder  
  175  16:49  Marine x3, Marauder, Liberator x2  
  186  17:01  Marine, Liberator  
  184  17:02  Marauder x2  
  184  17:04  Marine  
  184  17:06  Marauder  
  182  17:10  Marine x2, Marauder  
  182  17:15  Marine  
  185  17:16  Liberator  
  185  17:20  Marine  
  185  17:22  Liberator  
  189  17:23  Marauder x3  
  189  17:24  Command Center  
  188  17:31  Marine x2  
  188  17:36  Marine  
  184  17:37  Marauder x2  
  193  17:44  Marauder  
  193  17:49  Medivac x2  
  197  17:52  Missile Turret  
  197  17:53  Missile Turret, Planetary Fortress  
  197  17:57  Marine x3  
  200  18:04  Personal Cloaking  
  200  18:05  Terran Vehicle And Ship Armor Level 1  
  200  18:14  Barracks x2  
  200  18:16  Liberator  
  200  18:19  Liberator  
  200  18:20  Liberator x2  
  184  18:36  Marauder x2  
  184  18:38  Marauder  
  196  18:46  Marauder, Marine  
  196  18:47  Medivac  
  199  18:48  Marauder  
  194  18:59  Neosteel Armor  
  194  19:00  Liberator  
  194  19:03  Barracks Reactor, Barracks Tech Lab  
  194  19:05  Liberator  
  194  19:08  Liberator x2  
  192  19:12  Marauder  
  179  19:17  Marauder  
  179  19:18  Liberator  
  179  19:20  Marine x3  
  179  19:21  Marauder x2  
  179  19:23  Marine x2  
  170  19:26  Marauder  
  162  19:33  Marine  
  162  19:37  Orbital Command  
  162  19:38  Marine x2  
  166  19:39  Marauder  
  166  19:42  Marine x2, Liberator  
  172  19:47  Refinery  
  172  19:50  Marauder, Marine  
  172  19:52  Liberator  
  175  19:55  Marauder, Marine x2  
  175  19:58  Marine x2  
  175  19:59  Marauder, Marine  
  165  20:05  Medivac  
  165  20:07  Marine x2  
  165  20:08  Marine, Marauder  
  165  20:11  Marine  
  165  20:13  Marauder, Marine  
  170  20:16  Marine x4  
  158  20:21  Medivac  
  158  20:26  Marauder, Marine x2  
  162  20:28  Medivac  
  162  20:29  Marauder  
  162  20:34  Marine x2, Ghost x2  
  144  20:37  Marine  
  117  20:43  Marauder x2  
Tags
 
Add a new tag
Caveats
  • Supply blocks, unpowered buildings, or Contaminate may cause inaccurate times.
  • Supply counts are checked every 10 seconds.